Map: Triton LE

Players

Spy - Winner!

  • Race: Zerg Zerg
  • League: Master
  • Spawn Location: 5:00

avilo

  • Race: Terran Terran
  • League: Grandmaster
  • Spawn Location: 11:00

VOD

Have the link to the VOD?

Description

Time

  • Played on: Sept. 3, 2019, 9:51 p.m.
  • Length: 4:10
Show
View Real Time Build Order
Export as new Build Order

Spy Zerg - Winner!

Build Orders: Pool First, Zergling Baneling 

Get SALT Encoding   

  12  0:01  Drone  
  13  0:12  Overlord  
  13  0:16  Drone  
  14  0:31  Drone x2  
  14  0:35  Drone  
  17  0:40  Extractor  
  16  0:45  Drone  
  17  0:51  Spawning Pool  
  17  0:56  Drone  
  17  1:17  Hatchery  
  16  1:20  Drone  
  17  1:38  Zergling x4  
  17  1:39  Zergling x2  
  20  1:40  Metabolic Boost  
  20  1:51  Queen  
  22  1:59  Overlord  
  22  2:07  Baneling Nest  
  21  2:15  Zergling x2  
  22  2:29  Zergling x2  
  24  2:30  Zergling x4  
  25  2:41  Zergling x2  
  26  2:53  Zergling x6  
  28  3:04  Zergling x2  
  28  3:05  Zergling x8  
  33  3:11  Baneling x5  
  33  3:12  Baneling  
  33  3:13  Baneling x2  
  33  3:19  Zergling x2  
  34  3:22  Zergling x2  
  31  3:48  Zergling x2  
  31  3:49  Zergling x8  
Show
View Real Time Build Order
Export as new Build Order

avilo Terran 

Build Orders: Gas First Reaper Expand 

Get SALT Encoding   

  12  0:00  SCV  
  13  0:12  SCV  
  14  0:20  Supply Depot  
  14  0:25  SCV  
  15  0:32  Refinery  
  15  0:42  SCV  
  16  0:44  Barracks  
  16  0:54  SCV  
  17  1:06  SCV  
  18  1:18  SCV  
  19  1:31  Orbital Command  
  19  1:32  Reaper  
  20  1:46  Command Center  
  20  1:59  SCV  
  20  2:02  Refinery  
  20  2:06  Factory  
  20  2:12  SCV  
  20  2:13  Barracks Reactor  
  21  2:20  Supply Depot  
  21  2:24  SCV  
  22  2:36  SCV  
  23  2:43  Bunker  
  23  2:48  SCV  
  24  3:00  Starport, Orbital Command  
  24  3:05  Barracks Tech Lab  
  24  3:10  Hellion  
  26  3:14  Hellion  
  26  3:17  SCV  
  29  3:23  Marauder  
  29  3:26  SCV  
  31  3:35  Hellion  
Tags
 
Add a new tag
Caveats
  • Supply blocks, unpowered buildings, or Contaminate may cause inaccurate times.
  • Supply counts are checked every 10 seconds.